[Event "EYCC Open U10 2021"]
[Site "Tornelo"]
[Date "2021.10.15"]
[Round "1.1"]
[White "Silva, Mark Orlov"]
[Black "Ahmad, Khagan"]
[Result "0-1"]
[ECO "D02"]
[WhiteElo "1322"]
[BlackElo "2009"]
[Annotator "ChessBase"]
[PlyCount "36"]
[EventDate "2021.10.15"]
[EventType "swiss"]
[EventCountry "NET"]
[SourceTitle "playchess.com"]
[Source "ChessBase"]
[SourceQuality "1"]
[TimeControl "5400+30"]

1. d4 Nf6 2. Bf4 e6 3. e3 d5 4. Nf3 c5 5. c3 Nc6 6. Nbd2 Bd6 7. Bg3 O-O 8. Ne5 Bxe5 9. Bxe5 Nxe5 10. dxe5 Nd7 11. f4 f6 12. exf6 Nxf6 13. Nf3 Ng4 14. Qd2 e5 15. h3 Nf6 16. Nxe5 Ne4 17. Qc2 Qh4+ 18. Ke2 Bf5 0-1

[Event "EYCC Open U10 2021"]
[Site "Tornelo"]
[Date "2021.10.15"]
[Round "1.2"]
[White "Besou, Hussain"]
[Black "Borodich, Miroslav"]
[Result "1-0"]
[ECO "B01"]
[WhiteElo "1995"]
[BlackElo "1317"]
[Annotator "NA"]
[PlyCount "103"]
[EventDate "2021.10.15"]
[EventType "swiss"]
[EventCountry "NET"]
[SourceTitle "playchess.com"]
[Source "ChessBase"]
[SourceQuality "1"]
[TimeControl "5400+30"]

1. e4 d5 2. exd5 Qxd5 3. Nc3 Qd6 4. d4 Nf6 5. Nf3 a6 6. Ne5 Nc6 7. Nxc6 Qxc6 8. Bf4 Bg4 9. f3 Bf5 10. Bd3 Bg6 11. Qe2 e6 12. O-O-O O-O-O 13. Be5 Nd5 14. Nxd5 Rxd5 15. Be4 Bxe4 16. fxe4 Ra5 17. Kb1 Qa4 18. a3 Bxa3 19. b3 Qb4 20. d5 f6 21. Ba1 e5 22. Qg4+ Kb8 23. Qxg7 Qf8 24. Qg3 Bb4 25. c3 Be7 26. Rhf1 Rg8 27. Qf3 Bd8 28. Bb2 Rb5 29. c4 Rb6 30. g3 Rg6 31. Kc2 Qe8 32. Bc3 Rd6 33. c5 Rd7 34. Qf5 Rg5 35. Qf3 Qg6 36. Kb2 Rg4 37. Rde1 Be7 38. b4 Qh5 39. Rf2 Rg5 40. Qd3 c6 41. Qc4 cxd5 42. exd5 Rg4 43. Qd3 Qg6 44. Qf3 Rg5 45. c6 bxc6 46. dxc6 Rd3 47. c7+ Kxc7 48. Qa8 Rd8 49. Qa7+ Kc8 50. Rc1 Rd7 51. Bxe5+ Kd8 52. Qb8# 1-0

[Event "EYCC Open U10 2021"]
[Site "Tornelo"]
[Date "2021.10.15"]
[Round "1.3"]
[White "Kapitonov, Valery"]
[Black "Negrean, Andrei"]
[Result "0-1"]
[ECO "B31"]
[WhiteElo "1311"]
[BlackElo "1847"]
[Annotator "NA"]
[PlyCount "150"]
[EventDate "2021.10.15"]
[EventType "swiss"]
[EventCountry "NET"]
[SourceTitle "playchess.com"]
[Source "ChessBase"]
[SourceQuality "1"]
[TimeControl "5400+30"]

1. e4 c5 2. Nf3 Nc6 3. Bb5 g6 4. O-O Bg7 5. c3 Nf6 6. Re1 O-O 7. d4 cxd4 8. cxd4 d5 9. e5 Ne4 10. h3 Qb6 11. Bxc6 Qxc6 12. Be3 f6 13. Nbd2 Bf5 14. Nb3 Rac8 15. Qe2 Qd7 16. Rac1 h5 17. exf6 exf6 18. Nh4 Rfe8 19. f3 Rxc1 20. Rxc1 Nd6 21. Qf2 Nc4 22. Re1 Kh7 23. Bc1 Rxe1+ 24. Qxe1 b6 25. Nd2 Be6 26. f4 Bh6 27. b3 Nd6 28. Ndf3 Ne4 29. Be3 Qc7 30. f5 Bxe3+ 31. Qxe3 gxf5 32. Qe2 f4 33. Ne1 Qg7 34. Qxh5+ Qh6 35. Qxh6+ Kxh6 36. Nd3 Bf7 37. Nf3 Nc3 38. a4 Bh5 39. Nxf4 Bxf3 40. gxf3 Kg5 41. Ne6+ Kf5 42. Nc7 Ne2+ 43. Kf2 Nxd4 44. Ke3 Nxb3 45. Nxd5 Nc5 46. Nc3 Kg5 47. Kf2 Kh4 48. Kg2 f5 49. Kh2 Nd3 50. Nd5 Nc5 51. Nc3 a6 52. Kg2 Nd3 53. Nd5 b5 54. axb5 axb5 55. Ne3 f4 56. Nf5+ Kg5 57. Nd4 b4 58. Kf1 Nc5 59. Ke2 Kh4 60. Kd2 Kg3 61. Ke2 Kxh3 62. Kd2 Kg3 63. Ke2 b3 64. Kd2 b2 65. Kc2 Na4 66. Kb1 Kf2 67. Nf5 Kxf3 68. Nd4+ Kg2 69. Kc2 f3 70. Nxf3 Kxf3 71. Kb1 Ke3 72. Kc2 Kd4 73. Kb1 Kc3 74. Ka2 Kc2 75. Ka3 b1=Q 0-1

[Event "EYCC Open U10 2021"]
[Site "Tornelo"]
[Date "2021.10.15"]
[Round "1.5"]
[White "Skvortsov, Vladislav V."]
[Black "Petukhov, Dmitriy"]
[Result "0-1"]
[ECO "B38"]
[WhiteElo "1296"]
[BlackElo "1769"]
[Annotator "NA"]
[PlyCount "76"]
[EventDate "2021.10.15"]
[EventType "swiss"]
[EventCountry "NET"]
[SourceTitle "playchess.com"]
[Source "ChessBase"]
[SourceQuality "1"]
[TimeControl "5400+30"]

1. e4 c5 2. Nf3 g6 3. d4 cxd4 4. Nxd4 Bg7 5. c4 Nc6 6. Be3 Nf6 7. Nc3 d6 8. Be2 Be6 9. O-O O-O 10. Nb3 a6 11. f3 Rc8 12. Nd5 Bxd5 13. cxd5 Nb8 14. Qd2 Nbd7 15. Rac1 Ne5 16. Rxc8 Qxc8 17. Rc1 Qd7 18. f4 Neg4 19. Bxg4 Nxg4 20. Bd4 Nf6 21. Qe2 Qa4 22. Qd3 b5 23. Rc7 Re8 24. h3 Qxa2 25. Rc1 Qa4 26. Qf3 Nxe4 27. Qxe4 Qxb3 28. Bxg7 Kxg7 29. Qd4+ Kg8 30. f5 Qg3 31. f6 exf6 32. Qxf6 Qe3+ 33. Qf2 Qxc1+ 34. Kh2 Qe3 35. Qh4 Qe5+ 36. Kh1 Qe1+ 37. Qxe1 Rxe1+ 38. Kh2 Rb1 0-1

[Event "EYCC Open U10 2021"]
[Site "Tornelo"]
[Date "2021.10.15"]
[Round "1.6"]
[White "Ivanov, Andrey A."]
[Black "Dmitrenko, Ignat"]
[Result "1-0"]
[ECO "C58"]
[WhiteElo "2180"]
[BlackElo "1278"]
[Annotator "ChessBase"]
[PlyCount "69"]
[EventDate "2021.10.15"]
[EventType "swiss"]
[EventCountry "NET"]
[SourceTitle "playchess.com"]
[Source "ChessBase"]
[SourceQuality "1"]
[TimeControl "5400+30"]

1. e4 e5 2. Nf3 Nc6 3. Bc4 Nf6 4. Ng5 d5 5. exd5 Na5 6. d3 h6 7. Nf3 e4 8. Qe2 Nxc4 9. dxc4 Bc5 10. h3 O-O 11. Nfd2 e3 12. fxe3 Bxe3 13. Nc3 Re8 14. Kd1 Bxd2 15. Qxd2 Qd6 16. Qf4 Qe7 17. Bd2 Nh5 18. Qf3 Qh4 19. Rf1 Nf6 20. Qf4 Qh5+ 21. Kc1 Re7 22. b3 Qg6 23. Kb2 b6 24. g4 Ne8 25. Rae1 Rxe1 26. Rxe1 Ba6 27. h4 Nd6 28. h5 Qh7 29. Ne4 Nxe4 30. Rxe4 Kf8 31. Bb4+ Kg8 32. Re7 g6 33. hxg6 Qxg6 34. Bc3 Bc8 35. Re8+ 1-0

[Event "EYCC Open U10 2021"]
[Site "Tornelo"]
[Date "2021.10.15"]
[Round "1.7"]
[White "Apostolovski, Filip"]
[Black "Ochedzan, Filip"]
[Result "0-1"]
[ECO "D00"]
[WhiteElo "1277"]
[BlackElo "1696"]
[Annotator "NA"]
[PlyCount "52"]
[EventDate "2021.10.15"]
[EventType "swiss"]
[EventCountry "NET"]
[SourceTitle "playchess.com"]
[Source "ChessBase"]
[SourceQuality "1"]
[TimeControl "5400+30"]

1. d4 d5 2. Bf4 c5 3. e3 Nf6 4. c4 e6 5. Nc3 a6 6. Nf3 Nc6 7. a3 dxc4 8. Bxc4 b5 9. Bd3 cxd4 10. exd4 Bb7 11. O-O Be7 12. Qd2 Na5 13. Qd1 O-O 14. Be3 Rc8 15. Rc1 Kh8 16. b4 Bxf3 17. gxf3 Nc4 18. Bxc4 Rxc4 19. Kh1 Nd5 20. Qd2 Bf6 21. Rg1 Nxc3 22. Rxc3 Qd5 23. Rxc4 Qxf3+ 24. Rg2 bxc4 25. Bh6 gxh6 26. Qxh6 Rg8 0-1

[Event "EYCC Open U10 2021"]
[Site "Tornelo"]
[Date "2021.10.15"]
[Round "1.8"]
[White "Diachek, Andriy"]
[Black "Chankseliani, Davit"]
[Result "1-0"]
[ECO "B22"]
[WhiteElo "1689"]
[BlackElo "1276"]
[Annotator "NA"]
[PlyCount "76"]
[EventDate "2021.10.15"]
[EventType "swiss"]
[EventCountry "NET"]
[SourceTitle "playchess.com"]
[Source "ChessBase"]
[SourceQuality "1"]
[TimeControl "5400+30"]

1. e4 c5 2. Nf3 Nc6 3. c3 e6 4. d4 cxd4 5. cxd4 d6 6. Nc3 Nf6 7. Bd3 Be7 8. O-O Bd7 9. Bf4 a6 10. h3 Nxd4 11. Nxd4 e5 12. Nde2 exf4 13. Nxf4 O-O 14. Nfd5 Bc6 15. Qf3 Bxd5 16. exd5 Nd7 17. Qg3 Ne5 18. Bc2 Bh4 19. Qh2 Rc8 20. Rac1 Bf6 21. Ne4 g6 22. b3 Bg7 23. h4 h6 24. h5 f5 25. Ng3 f4 26. Ne4 f3 27. g3 g5 28. Qh3 g4 29. Qh4 Bf6 30. Nxf6+ Qxf6 31. Qxf6 Rxf6 32. Bh7+ Kxh7 33. Rxc8 Nf7 34. Rc7 b5 35. Re1 Kg7 36. Re6 Rf5 37. Rxd6 Re5 38. Rg6+ Kf8 1-0

[Event "EYCC Open U10 2021"]
[Site "Tornelo"]
[Date "2021.10.15"]
[Round "1.9"]
[White "Omarsson, Josef"]
[Black "Dumbelovic, Novak"]
[Result "0-1"]
[ECO "A48"]
[WhiteElo "1274"]
[BlackElo "1688"]
[Annotator "NA"]
[PlyCount "72"]
[EventDate "2021.10.15"]
[EventType "swiss"]
[EventCountry "NET"]
[SourceTitle "playchess.com"]
[Source "ChessBase"]
[SourceQuality "1"]
[TimeControl "5400+30"]

1. d4 Nf6 2. Bf4 g6 3. e3 Bg7 4. Nf3 O-O 5. Be2 d6 6. O-O Nh5 7. Bg3 Nxg3 8. hxg3 c5 9. c4 Nc6 10. Nc3 cxd4 11. exd4 Bf5 12. Rc1 Qb6 13. Na4 Qa5 14. a3 Nxd4 15. Nxd4 Bxd4 16. b4 Qe5 17. Re1 Qf6 18. Bf3 Rab8 19. Re2 Rfc8 20. Bd5 e5 21. Qd2 Bg4 22. Re4 Bf5 23. Rh4 Be6 24. Bxe6 fxe6 25. Re1 Rxc4 26. Nb2 Rc7 27. Nd3 Rbc8 28. Qh6 Qg7 29. Qg5 Rc2 30. Qg4 Qf7 31. Rf1 R8c3 32. Qd1 Qf5 33. Ne1 Rxf2 34. Rxf2 Qxf2+ 35. Kh2 Qxg3+ 36. Kh1 Qxh4# 0-1

[Event "EYCC Open U10 2021"]
[Site "Tornelo"]
[Date "2021.10.15"]
[Round "1.10"]
[White "Golis, Wiktor"]
[Black "Vyshegorodtsev, Svyatoslav"]
[Result "0-1"]
[ECO "B35"]
[WhiteElo "1684"]
[BlackElo "1271"]
[Annotator "NA"]
[PlyCount "136"]
[EventDate "2021.10.15"]
[EventType "swiss"]
[EventCountry "NET"]
[SourceTitle "playchess.com"]
[Source "ChessBase"]
[SourceQuality "1"]
[TimeControl "5400+30"]

1. e4 c5 2. Nf3 g6 3. d4 cxd4 4. Nxd4 Bg7 5. Nc3 Nc6 6. Be3 Nf6 7. Bc4 O-O 8. Qd2 Ng4 9. Nxc6 dxc6 10. Qxd8 Rxd8 11. Bc5 e6 12. h3 Ne5 13. Be2 b5 14. f4 Nd7 15. Rd1 Re8 16. Bd6 a5 17. e5 Nb6 18. Bf3 Nd5 19. Ne2 Bb7 20. g3 Ne3 21. Rc1 Nc4 22. b3 Nxd6 23. exd6 Rad8 24. Rd1 Bf8 25. Nd4 e5 26. Nxc6 exf4+ 27. Kf2 fxg3+ 28. Kxg3 Bxd6+ 29. Kf2 Bc5+ 30. Kg3 Rxd1 31. Rxd1 Re3 32. Kg2 Rxf3 33. Kxf3 Bxc6+ 34. Kf4 f5 35. Ke5 Kf7 36. Rd8 Bb6 37. Rd1 Ke7 38. c4 b4 39. h4 Bc5 40. h5 Bf3 41. hxg6 hxg6 42. Rd3 Be4 43. Rh3 Bd6+ 44. Kd4 Kf6 45. Rh7 Be5+ 46. Ke3 Bb1 47. Ra7 Bxa2 48. Rxa5 Bxb3 49. c5 Bd5 50. c6 f4+ 51. Kd3 Be6 52. Ke4 Bf5+ 53. Kf3 b3 54. c7 b2 55. Rb5 Bxc7 56. Rxb2 g5 57. Rb7 g4+ 58. Kf2 Be5 59. Rb6+ Kg5 60. Rb5 Bd4+ 61. Kg2 Be3 62. Re5 f3+ 63. Kf1 Kf4 64. Rd5 g3 65. Rd2 Bxd2 66. Kg1 Be3+ 67. Kh1 g2+ 68. Kh2 g1=Q# 0-1

[Event "EYCC Open U10 2021"]
[Site "Tornelo"]
[Date "2021.10.15"]
[Round "1.11"]
[White "Rosa, Jose Lourenco Jesus"]
[Black "Oikonomopoulos, Filippos"]
[Result "0-1"]
[ECO "B40"]
[WhiteElo "1269"]
[BlackElo "1650"]
[Annotator "NA"]
[PlyCount "44"]
[EventDate "2021.10.15"]
[EventType "swiss"]
[EventCountry "NET"]
[SourceTitle "playchess.com"]
[Source "ChessBase"]
[SourceQuality "1"]
[TimeControl "5400+30"]

1. e4 c5 2. Nf3 e6 3. d4 cxd4 4. Nxd4 Nc6 5. Nxc6 bxc6 6. Bd3 d5 7. O-O Nf6 8. Nd2 Bd6 9. Qe2 Qc7 10. Nf3 dxe4 11. Bxe4 Nxe4 12. Qxe4 Bb7 13. h3 c5 14. Qd3 O-O-O 15. Qc3 g5 16. Bxg5 Rdg8 17. Bf6 Qc6 18. Bxh8 Qxf3 19. Qxf3 Bxf3 20. Rfe1 Rxg2+ 21. Kh1 Rh2+ 22. Kg1 Rh1# 0-1

[Event "EYCC Open U10 2021"]
[Site "Tornelo"]
[Date "2021.10.15"]
[Round "1.12"]
[White "Feher, Botond"]
[Black "Komarek, Tobias"]
[Result "1-0"]
[ECO "A21"]
[WhiteElo "1644"]
[BlackElo "1260"]
[Annotator "NA"]
[PlyCount "115"]
[EventDate "2021.10.15"]
[EventType "swiss"]
[EventCountry "NET"]
[SourceTitle "playchess.com"]
[Source "ChessBase"]
[SourceQuality "1"]
[TimeControl "5400+30"]

1. c4 e5 2. Nc3 b6 3. e4 Bb7 4. g3 Nf6 5. Bg2 Bc5 6. d3 Nc6 7. Bg5 h6 8. Bd2 O-O 9. Nge2 Nb4 10. Bc1 a5 11. O-O c6 12. a3 Na6 13. Na4 d5 14. Nxc5 Nxc5 15. d4 exd4 16. e5 Nfd7 17. Nxd4 Nxe5 18. cxd5 cxd5 19. Be3 Nc4 20. Qe2 Nxe3 21. Qxe3 Re8 22. Qd2 Ne6 23. Rac1 Nxd4 24. Qxd4 Qd7 25. Qxb6 Ba6 26. Rfd1 Bc4 27. Rxc4 Qf5 28. Rcd4 Rad8 29. Qxa5 Qc2 30. Qd2 Qf5 31. Rxd5 Rxd5 32. Qxd5 Qc2 33. b4 Qc3 34. Qc6 Qe5 35. b5 Rf8 36. a4 Qe2 37. Rc1 Qa2 38. b6 Rd8 39. Be4 Rf8 40. b7 Qa3 41. a5 Qxa5 42. Qc8 Qb4 43. Rb1 Qxe4 44. Qxf8+ Kxf8 45. b8=Q+ Qe8 46. Qxe8+ Kxe8 47. Rb7 Kf8 48. Kg2 g5 49. Kf3 f5 50. Rh7 Kg8 51. Rxh6 Kg7 52. Ra6 Kf7 53. h4 gxh4 54. gxh4 Ke7 55. Kf4 Kd7 56. Kxf5 Ke7 57. h5 Kf7 58. h6 1-0

[Event "EYCC Open U10 2021"]
[Site "Tornelo"]
[Date "2021.10.15"]
[Round "2.1"]
[White "Ahmad, Khagan"]
[Black "Merkouropoulos, Dionysios"]
[Result "1-0"]
[ECO "D12"]
[WhiteElo "2009"]
[BlackElo "1423"]
[Annotator "NA"]
[PlyCount "51"]
[EventDate "2021.10.15"]
[EventType "swiss"]
[EventCountry "NET"]
[SourceTitle "playchess.com"]
[Source "ChessBase"]
[SourceQuality "1"]
[TimeControl "5400+30"]

1. Nf3 d5 2. e3 Nf6 3. c4 e6 4. cxd5 exd5 5. d4 Bf5 6. Nc3 c6 7. Bd3 Bxd3 8. Qxd3 Bd6 9. O-O O-O 10. Rb1 a5 11. a3 a4 12. b3 axb3 13. a4 Nbd7 14. Rxb3 Nb6 15. Ba3 Bxa3 16. Rxa3 $11 Nc4 17. Rb3 Nd6 18. Ne5 Nfe4 19. Nxe4 dxe4 20. Qc2 Qc7 21. Rfb1 Rfc8 22. Nc4 Rxa4 23. Nb6 Rca8 24. Nxa4 Rxa4 25. Rxb7 Nxb7 26. Qxa4 1-0

[Event "EYCC Open U10 2021"]
[Site "Tornelo"]
[Date "2021.10.15"]
[Round "2.2"]
[White "Brzezina, Piotr"]
[Black "Besou, Hussain"]
[Result "0-1"]
[ECO "B51"]
[WhiteElo "1418"]
[BlackElo "1995"]
[Annotator "NA"]
[PlyCount "146"]
[EventDate "2021.10.15"]
[EventType "swiss"]
[EventCountry "NET"]
[SourceTitle "playchess.com"]
[Source "ChessBase"]
[SourceQuality "1"]
[TimeControl "5400+30"]

1. e4 c5 2. Nf3 d6 3. Bb5+ Nd7 4. c3 Ngf6 5. d3 a6 6. Ba4 b5 {[%emt 0:00:05] 6...b5 is better than 6...g6.} 7. Bc2 Bb7 8. O-O g6 9. Re1 Bg7 10. Nbd2 O-O 11. Nf1 Rc8 12. Ng3 Qc7 {[%emt 0:01:25] [#]} 13. Bf4 $146 ({Predecessor:} 13. Bd2 e5 14. Qc1 Rfe8 15. Bh6 Bh8 16. h4 d5 17. h5 dxe4 18. dxe4 Nf8 19. Qg5 {1-0 (46) Sargsyan,A (2374)-Pham,X (2197) Moscow 2020}) 13... e5 14. Be3 d5 15. Qe2 Rfe8 16. Rad1 d4 17. Bc1 Nb6 18. c4 bxc4 19. dxc4 a5 20. Bd2 Ra8 21. Ra1 Nfd7 22. Reb1 Nf8 23. Ne1 Ne6 24. b3 h5 25. h3 h4 26. Nf1 $17 Bf6 27. Nh2 Nd7 28. Qg4 Be7 29. Qe2 Nf6 30. Ng4 Nh5 31. Nd3 Nef4 32. Bxf4 exf4 33. f3 Bg5 34. Ngf2 Ng3 35. Qd2 Kg7 36. Re1 Ra6 37. Nh1 Bh6 38. Qf2 Rae6 39. Nb2 f5 40. exf5 Re2 41. Rxe2 Rxe2 42. Nxg3 Rxf2 43. Nh5+ gxh5 44. Kxf2 d3 45. Nxd3 Qd6 46. Re1 Bc8 47. Re5 Qd4+ 48. Ke2 Kf7 49. Rxc5 Qe3+ 50. Kf1 Bd7 51. Re5 Qd4 52. Rd5 Qa1+ 53. Ke2 Ke8 54. Re5+ Kf8 55. f6 Qg1 56. Ne1 Qd4 57. Nd3 Qd6 58. Rd5 Qxf6 59. Ne5 Bc8 60. Ng6+ Kg7 61. Re5 Qd8 62. Rd5 Qb6 63. c5 Qe6+ 64. Re5 Qc6 65. Re7+ Kf6 66. Rf7+ Kg5 67. Re7 Bf8 68. Re5+ Kf6 69. Be4 Ba6+ 70. Ke1 Qb5 71. Rf5+ Kxg6 72. Rxf8+ Kg7 73. Rf5 Qe2# 0-1

[Event "EYCC Open U10 2021"]
[Site "Tornelo"]
[Date "2021.10.15"]
[Round "2.3"]
[White "Negrean, Andrei"]
[Black "Pitsakis, Ilias"]
[Result "1-0"]
[ECO "B92"]
[WhiteElo "1847"]
[BlackElo "1417"]
[Annotator "NA"]
[PlyCount "107"]
[EventDate "2021.10.15"]
[EventType "swiss"]
[EventCountry "NET"]
[SourceTitle "playchess.com"]
[Source "ChessBase"]
[SourceQuality "1"]
[TimeControl "5400+30"]

1. e4 c5 2. Nf3 d6 3. d4 cxd4 4. Nxd4 Nf6 5. Nc3 a6 6. Be2 e5 7. Nb3 Be6 8. O-O Be7 9. Kh1 O-O 10. f4 exf4 11. Bxf4 Nc6 12. Qe1 Nd7 13. Rd1 Nce5 14. Nd4 Rc8 15. Nf5 Bxf5 16. exf5 b5 17. a3 Re8 18. Qg3 Kh8 19. Rd2 Bh4 20. Qh3 Be7 21. Rfd1 Nc4 22. Bxc4 Rxc4 23. Bxd6 Bxd6 24. Rxd6 Qe7 25. Qg3 Nc5 26. h3 h6 27. b3 Rxc3 28. Qxc3 Ne4 29. Qd4 Nxd6 30. Qxd6 Qe4 31. Qd3 Qxd3 32. Rxd3 Re1+ 33. Kh2 Rc1 34. Rc3 Ra1 35. b4 h5 36. Kg3 Kh7 37. h4 Rf1 38. Rc6 Rc1 39. Kf4 Rf1+ 40. Ke5 Rg1 41. Rxa6 Rxg2 42. Rb6 f6+ 43. Ke6 Re2+ 44. Kd6 Re5 45. Kc6 Rxf5 46. Rxb5 Rf2 47. Rxh5+ Kg6 48. Rc5 f5 49. b5 f4 50. b6 Re2 51. b7 Re8 52. Rb5 f3 53. b8=Q Rxb8 54. Rxb8 1-0

[Event "EYCC Open U10 2021"]
[Site "Tornelo"]
[Date "2021.10.15"]
[Round "2.4"]
[White "Petukhov, Dmitriy"]
[Black "Kviriashvili, Andria"]
[Result "1-0"]
[ECO "D55"]
[WhiteElo "1769"]
[BlackElo "1406"]
[Annotator "NA"]
[PlyCount "133"]
[EventDate "2021.10.15"]
[EventType "swiss"]
[EventCountry "NET"]
[SourceTitle "playchess.com"]
[Source "ChessBase"]
[SourceQuality "1"]
[TimeControl "5400+30"]

1. c4 e6 2. d4 d5 3. cxd5 exd5 4. Nc3 Nf6 5. Nf3 Be7 6. Qc2 O-O 7. Bg5 b6 8. e3 Bb7 9. Bd3 h6 10. Bh4 Nbd7 11. O-O Re8 12. Bg3 c6 13. h3 Nf8 14. Rac1 Bd6 15. Ne5 Qe7 16. Bh2 N6d7 17. Nxd7 Bxh2+ 18. Kxh2 Nxd7 19. Ne2 Nf6 20. Ng3 Qd6 21. Kg1 Rac8 22. Qe2 Rc7 23. Nf5 Qe6 24. Qf3 Rd7 25. Qg3 g6 26. Nxh6+ Kh7 27. Qg5 Kh8 28. Ng4 Nxg4 29. hxg4 Kh7 30. g3 Rh8 31. Kg2 Rdd8 32. Rh1+ Kg7 33. Rh5 Qf6 34. Qxf6+ Kxf6 35. Rxh8 Rxh8 36. b4 Ke6 37. g5 Kd6 38. f4 Bc8 39. a4 Bg4 40. Rb1 Re8 41. Re1 c5 42. bxc5+ bxc5 43. dxc5+ Kxc5 44. Bb5 Re7 45. Rc1+ Kb4 46. Kf2 Kb3 47. Rc5 Be6 48. Ke2 Kb4 49. Rc1 Bf5 50. Kd2 Be4 51. Rc8 Bf5 52. Re8 Rc7 53. Bd3 Bd7 54. Re7 Kxa4 55. Rxf7 Rb7 56. Bxg6 a5 57. Rxd7 Rb2+ 58. Kc3 Re2 59. Kd3 Rg2 60. Rxd5 Rxg3 61. Be8+ Kb4 62. Rb5+ Ka4 63. Rb1+ Ka3 64. Ra1+ Kb4 65. Kd4 Rg2 66. Ra4+ Kb3 67. Rxa5 1-0

[Event "EYCC Open U10 2021"]
[Site "Tornelo"]
[Date "2021.10.15"]
[Round "2.5"]
[White "Petroff, Vlad"]
[Black "Ivanov, Andrey A."]
[Result "0-1"]
[ECO "B22"]
[WhiteElo "1415"]
[BlackElo "2180"]
[Annotator "NA"]
[PlyCount "58"]
[EventDate "2021.10.15"]
[EventType "swiss"]
[EventCountry "NET"]
[SourceTitle "playchess.com"]
[Source "ChessBase"]
[SourceQuality "1"]
[TimeControl "5400+30"]

1. e4 c5 2. c3 d5 3. exd5 Qxd5 4. d4 Nf6 5. Nf3 Nc6 6. Be3 cxd4 7. cxd4 e6 8. Nc3 Qd8 9. Be2 Be7 10. O-O O-O 11. Rc1 b6 12. Qd2 Bb7 13. Rfd1 Bb4 14. Bg5 h6 15. Bh4 Be7 16. Bxf6 Bxf6 17. d5 Ne5 18. Qc2 exd5 19. Nxe5 Bxe5 20. Bf3 Rc8 21. Qb3 Qg5 22. Rc2 Qf4 23. Kf1 Qxh2 24. g3 Ba6+ 25. Ne2 Bc4 26. Qe3 Rfe8 $19 27. Qd2 d4 28. Be4 Bxg3 29. Qxd4 Rxe4 0-1

[Event "EYCC Open U10 2021"]
[Site "Tornelo"]
[Date "2021.10.15"]
[Round "2.6"]
[White "Ochedzan, Filip"]
[Black "Harutyunyan, Arman G."]
[Result "0-1"]
[ECO "B32"]
[WhiteElo "1696"]
[BlackElo "1395"]
[Annotator "NA"]
[PlyCount "72"]
[EventDate "2021.10.15"]
[EventType "swiss"]
[EventCountry "NET"]
[SourceTitle "playchess.com"]
[Source "ChessBase"]
[SourceQuality "1"]
[TimeControl "5400+30"]

1. e4 c5 2. Nf3 Nc6 3. d4 cxd4 4. Nxd4 e5 5. Nb5 d6 6. N5c3 Nge7 7. Be3 f5 8. exf5 Nxf5 9. Nd5 Be7 10. Nbc3 O-O 11. Bc4 Be6 12. O-O Kh8 13. a3 Bg5 14. Ba2 Bxe3 15. Nxe3 Bxa2 16. Rxa2 Ncd4 17. Ncd5 Ne6 18. Qg4 Nxe3 19. fxe3 Rxf1+ 20. Kxf1 Qf8+ 21. Qf3 Qe8 22. Kg1 Qg6 23. Qe2 Rc8 24. Nc3 d5 25. Qf3 Qxc2 26. Qxd5 Qc1+ 27. Nd1 Rd8 28. Qxe6 Rxd1+ 29. Kf2 Rf1+ 30. Kg3 Qxe3+ 31. Kh4 Rf4+ 32. g4 Qf2+ 33. Kg5 h6+ 34. Kg6 Rf6+ 35. Qxf6 Qxf6+ 36. Kh5 Qg5# 0-1

[Event "EYCC Open U10 2021"]
[Site "Tornelo"]
[Date "2021.10.15"]
[Round "2.7"]
[White "Gabadadze, Gabriel"]
[Black "Diachek, Andriy"]
[Result "0-1"]
[ECO "C85"]
[WhiteElo "1407"]
[BlackElo "1689"]
[Annotator "NA"]
[PlyCount "132"]
[EventDate "2021.10.15"]
[EventType "swiss"]
[EventCountry "NET"]
[SourceTitle "playchess.com"]
[Source "ChessBase"]
[SourceQuality "1"]
[TimeControl "5400+30"]

1. e4 e5 2. Nf3 Nc6 3. Bb5 a6 4. Ba4 Nf6 5. O-O Be7 6. Bxc6 dxc6 7. d3 Nd7 8. Be3 O-O 9. Nbd2 f6 10. a4 Nc5 11. d4 exd4 12. Nxd4 Bd6 13. c3 Qe8 14. Qc2 Qg6 15. f4 Re8 16. e5 Qxc2 17. Nxc2 fxe5 18. fxe5 Rxe5 19. Nc4 Rh5 20. Bf4 Bxf4 21. Rxf4 Be6 22. Raf1 g5 23. Rd4 Nb3 24. Ne5 Nxd4 25. Nxd4 Bd5 26. g4 Rh3 27. c4 c5 28. Nf5 Be6 29. Ng3 Rf8 30. Re1 Rh4 31. Re4 Rf4 32. Rxf4 gxf4 33. Nh5 f3 34. h3 Rxh3 35. Nf4 Rg3+ 36. Kf2 Rxg4 37. Kxf3 Rg5 38. Ke4 Bf5+ 39. Kf3 h5 40. Nd5 h4 41. Kf4 h3 42. Nf3 Rg2 43. Ne7+ Kh8 44. Kxf5 h2 45. Nxh2 Rxh2 46. Ke6 Rxb2 47. Kd7 Rb4 48. Kxc7 Rxc4 49. Kxb7 Rxa4 50. Kb6 c4 51. Nd5 Ra3 52. Kc5 c3 53. Nb4 Rb3 54. Nc2 Rb2 55. Na1 c2 56. Nxc2 Rxc2+ 57. Kb6 Rb2+ 58. Kxa6 Kg7 59. Ka5 Kf6 60. Ka4 Ke5 61. Ka3 Rb8 62. Ka2 Kd4 63. Ka1 Kc3 64. Ka2 Rb7 65. Ka1 Kc2 66. Ka2 Ra7# 0-1

[Event "EYCC Open U10 2021"]
[Site "Tornelo"]
[Date "2021.10.15"]
[Round "2.8"]
[White "Dumbelovic, Novak"]
[Black "Kocharyan, Vache"]
[Result "1-0"]
[ECO "B65"]
[WhiteElo "1688"]
[BlackElo "1367"]
[Annotator "NA"]
[PlyCount "203"]
[EventDate "2021.10.15"]
[EventType "swiss"]
[EventCountry "NET"]
[SourceTitle "playchess.com"]
[Source "ChessBase"]
[SourceQuality "1"]
[TimeControl "5400+30"]

1. e4 c5 2. Nf3 Nc6 3. d4 cxd4 4. Nxd4 Nf6 5. Nc3 d6 6. Bg5 e6 7. Qd2 Be7 8. O-O-O O-O 9. f4 Nxd4 10. Qxd4 Qa5 11. h4 h6 12. Bd3 b6 13. e5 dxe5 14. fxe5 hxg5 15. exf6 Bxf6 16. Qe4 g6 17. Qxa8 Bxc3 18. bxc3 gxh4 19. Qe4 Qxc3 20. Qxh4 Qg7 21. Qh6 Bb7 22. Qxg7+ Kxg7 23. Rh2 Rc8 24. Rdh1 Rc7 25. Rh7+ Kg8 26. R7h2 Bd5 27. Kb2 Kg7 28. Rf1 Rc5 29. g3 Rc7 30. Rf4 e5 31. Rfh4 Kf6 32. c4 Be6 33. Kc3 Rc5 34. Rh8 e4 35. Be2 Ke5 36. R2h4 a5 37. a4 f5 38. R8h6 Kf6 39. Kd4 Rc6 40. g4 Rd6+ 41. Ke3 Kg5 42. gxf5 Bxf5 43. R4h5+ Kf6 44. Kf4 Bd7 45. Kxe4 Bxa4 46. Rh2 Bc2+ 47. Ke3 Bf5 48. R6h4 Ke5 49. Rh1 Kf6 50. Rd4 Re6+ 51. Kf3 Rc6 52. Rhd1 Ke5 53. Rd5+ Ke6 54. Kf4 Ke7 55. Kg5 Kf7 56. Bf3 Rc7 57. Rh1 Kg7 58. Rh4 Rf7 59. Be4 Be6 60. Rd6 Bf5 61. Rxb6 Bxe4 62. Rxe4 Rf5+ 63. Kg4 Kh6 64. Rb5 Rf1 65. Rxa5 Rg1+ 66. Kh3 Rc1 67. c5 Rc3+ 68. Kg4 Rc1 69. Re6 Rc4+ 70. Kg3 Rc3+ 71. Kf4 Rc4+ 72. Ke3 Rc1 73. c6 Re1+ 74. Kd4 Rxe6 75. Kd5 Rf6 76. Ra4 g5 77. c7 Rf8 78. Kd6 Kh5 79. Rb4 Rc8 80. Rb8 Rxc7 81. Kxc7 Kg4 82. Kd6 Kf4 83. Kd5 g4 84. Kd4 Kf3 85. Kd3 g3 86. Rf8+ Kg2 87. Ke2 Kh1 88. Kf3 g2 89. Rh8+ Kg1 90. Rg8 Kh1 91. Kf2 Kh2 92. Rxg2+ Kh3 93. Kf3 Kh4 94. Rg3 Kh5 95. Rg4 Kh6 96. Kf4 Kh5 97. Kf5 Kh6 98. Rg5 Kh7 99. Rg6 Kh8 100. Kf6 Kh7 101. Kf7 Kh8 102. Rh6# 1-0